Map: Tokamak LE

Players

llllllllllll - Winner!

  • Race: Zerg Zerg
  • League: Grandmaster
  • Spawn Location: 7:00

Mute

  • Race: Protoss Protoss
  • League: Master
  • Spawn Location: 1:00

VOD

Have the link to the VOD?

Description

Time

  • Played on: Sept. 3, 2025, 6:11 p.m.
  • Length: 11:08
Show
View Real Time Build Order
Export as new Build Order

llllllllllll Zerg - Winner!

Build Orders: Hatch First 

Get SALT Encoding   

  12  0:00  Drone  
  13  0:08  Drone  
  14  0:14  Extractor  
  14  0:15  Drone  
  15  0:21  Overlord  
  15  0:40  Drone  
  16  0:45  Hatchery  
  16  0:48  Drone  
  16  0:52  Drone  
  16  0:55  Drone  
  18  1:06  Extractor  
  18  1:11  Spawning Pool  
  16  1:14  Drone  
  18  1:18  Drone  
  18  1:27  Drone  
  19  1:37  Drone  
  20  1:48  Drone  
  21  1:57  Queen x2  
  21  1:58  Zergling x2  
  21  1:59  Overlord  
  26  2:07  Drone  
  27  2:09  Drone  
  27  2:13  Metabolic Boost  
  28  2:21  Drone x2  
  30  2:30  Drone  
  30  2:33  Queen  
  33  2:43  Hatchery  
  32  2:46  Overlord  
  32  2:52  Drone x2  
  32  2:58  Drone x2  
  36  3:05  Zergling x6  
  39  3:07  Drone x3  
  42  3:13  Drone x2  
  42  3:19  Overlord  
  44  3:22  Spore Crawler  
  44  3:25  Drone  
  44  3:33  Drone  
  44  3:38  Spore Crawler  
  44  3:39  Drone x7  
  50  3:42  Drone x2  
  50  3:47  Extractor  
  51  3:53  Drone  
  51  3:54  Overlord  
  51  3:55  Lair  
  52  3:57  Drone  
  52  4:04  Drone x2  
  52  4:06  Drone  
  55  4:12  Drone x5  
  55  4:14  Drone  
  55  4:16  Spore Crawler  
  55  4:17  Overlord  
  60  4:18  Drone x2  
  62  4:28  Drone x3  
  65  4:34  Pneumatized Carapace, Extractor  
  65  4:35  Roach Warren  
  63  4:38  Overlord  
  63  4:40  Drone x3  
  63  4:42  Zergling x8  
  63  4:45  Zergling x4  
  72  4:49  Overlord  
  72  4:54  Overlord  
  72  4:55  Overlord x2  
  72  5:17  Roach x13  
  72  5:19  Overseer  
  98  5:26  Roach x2  
  100  5:34  Roach x3  
  103  5:41  Zergling x10  
  106  5:45  Overlord x2  
  106  5:47  Zergling x10  
  111  5:51  Ravager x2  
  113  5:59  Queen  
  113  6:02  Queen x2, Ravager  
  113  6:03  Zergling x2  
  113  6:04  Zergling x6  
  120  6:16  Zergling x12  
  122  6:23  Zergling x2  
  116  6:30  Zergling x4  
  116  6:31  Hatchery  
  108  6:33  Overlord  
  108  6:34  Hydralisk Den, Extractor  
  98  6:44  Zergling x6  
  91  6:47  Zergling x2  
  79  6:59  Zergling x6  
  78  7:03  Overlord  
  78  7:05  Muscular Augments  
  78  7:06  Hydralisk  
  78  7:07  Hydralisk  
  79  7:12  Hydralisk  
  79  7:14  Hydralisk  
  80  7:21  Hydralisk x2  
  84  7:27  Hydralisk x2  
  88  7:30  Hatchery  
  88  7:31  Overlord  
  88  7:35  Hydralisk  
  88  7:36  Hydralisk x4  
  95  7:38  Overlord  
  95  7:40  Extractor  
  95  7:43  Hydralisk x2  
  98  7:45  Zergling x10  
  103  7:57  Overlord  
  103  8:01  Overlord  
  103  8:05  Drone x5  
  108  8:07  Drone  
  108  8:08  Drone x7, Hatchery  
  108  8:10  Grooved Spines  
  115  8:13  Drone x2  
  115  8:17  Baneling Nest  
  115  8:18  Drone x2  
  118  8:20  Drone  
  118  8:24  Drone  
  120  8:31  Zergling x4  
  120  8:32  Drone x2  
  120  8:33  Drone x2  
  126  8:34  Hydralisk  
  126  8:35  Hydralisk x5, Spine Crawler  
  137  8:42  Zergling x6  
  140  8:50  Hydralisk  
  140  8:51  Hydralisk x3  
  140  8:53  Overseer  
  148  8:58  Zergling x4  
  148  9:00  Baneling x12  
  150  9:04  Overlord  
  150  9:06  Extractor, Drone x4  
  153  9:11  Centrifugal Hooks, Zergling x18  
  153  9:12  Zergling x2  
  163  9:19  Zergling x6  
  163  9:28  Zergling x10  
  159  9:35  Zergling x8  
  159  9:38  Overlord  
  152  9:48  Zergling x18  
  156  9:55  Evolution Chamber x2  
  151  10:01  Baneling  
  151  10:02  Baneling x21  
  151  10:03  Baneling x4  
  151  10:04  Zergling x16  
  159  10:08  Zergling x24  
  171  10:18  Zergling x10  
  171  10:21  Baneling x20  
  169  10:25  Zergling x8  
  172  10:33  Zergling x6  
  164  10:36  Overlord  
  164  10:39  Hydralisk x2  
  164  10:40  Zergling x8  
  166  10:44  Zergling x6  
  166  10:48  Zergling x10  
Show
View Real Time Build Order
Export as new Build Order

Mute Protoss 

Build Orders: 1 Gate Expand, Oracle Opening 

Get SALT Encoding   

  12  0:00  Probe  
  13  0:12  Probe  
  14  0:19  Pylon  
  14  0:24  Probe  
  15  0:34  Probe  
  15  0:39  Gateway  
  15  0:42  Probe  
  16  0:45  Assimilator  
  17  0:52  Probe  
  18  1:04  Probe  
  19  1:16  Probe  
  20  1:23  Nexus  
  20  1:31  Cybernetics Core  
  20  1:35  Probe  
  21  1:40  Assimilator  
  22  1:47  Probe  
  22  1:49  Pylon  
  22  1:58  Probe  
  22  1:59  Adept  
  23  2:06  Probe  
  23  2:13  Stargate  
  23  2:14  Probe  
  27  2:25  Probe  
  27  2:29  Adept  
  30  2:31  Probe  
  30  2:36  Warp Gate  
  31  2:37  Probe  
  31  2:39  Probe  
  33  2:49  Probe x2  
  35  2:53  Oracle  
  35  2:58  Adept  
  35  3:01  Probe  
  35  3:02  Probe  
  42  3:08  Pylon  
  42  3:14  Probe  
  42  3:16  Probe  
  42  3:19  Gateway  
  44  3:25  Oracle  
  44  3:26  Probe  
  45  3:29  Probe  
  49  3:38  Probe  
  50  3:45  Nexus  
  50  3:46  Pylon  
  50  3:47  Probe  
  51  3:50  Probe  
  51  3:54  Twilight Council  
  52  3:59  Probe  
  52  4:02  Probe  
  54  4:09  Assimilator  
  51  4:11  Forge, Probe  
  51  4:13  Protoss Ground Weapons Level 1, Assimilator  
  51  4:14  Blink  
  51  4:16  Probe  
  53  4:17  Pylon  
  53  4:23  Probe  
  54  4:28  Gateway  
  54  4:30  Probe  
  54  4:31  Gateway  
  55  4:37  Probe  
  56  4:43  Probe  
  57  4:49  Probe  
  57  4:50  Gateway  
  57  4:52  Gateway  
  58  4:55  Probe  
  58  4:58  Probe  
  60  5:01  Probe  
  60  5:05  Stalker x2  
  65  5:08  Shield Battery  
  65  5:09  Probe  
  65  5:13  Probe  
  67  5:15  Pylon  
  67  5:18  Probe  
  68  5:22  Pylon  
  68  5:24  Probe  
  69  5:29  Probe  
  69  5:30  Stalker x3  
  69  5:33  Probe  
  70  5:38  Probe  
  70  5:41  Probe  
  71  5:43  Photon Cannon  
  71  5:45  Probe  
  71  5:48  Stalker x3  
  78  5:51  Probe  
  78  5:55  Photon Cannon  
  78  5:56  Probe  
  80  6:03  Shield Battery  
  80  6:04  Shield Battery  
  80  6:09  Stalker x3  
  82  6:13  Stalker  
  82  6:17  Stalker  
  82  6:18  Stalker  
  84  6:29  Gateway  
  84  6:31  Gateway  
  76  6:33  Stalker x3  
  76  6:38  Zealot  
  79  6:43  Probe  
  79  6:44  Probe  
  79  6:45  Zealot x2  
  79  6:46  Probe  
  71  6:55  Probe  
  71  6:56  Probe  
  64  7:01  Probe  
  64  7:02  Protoss Ground Armor Level 1  
  64  7:06  Probe  
  64  7:07  Stalker x4  
  74  7:09  Probe  
  74  7:12  Shield Battery, Probe  
  74  7:14  Probe  
  75  7:18  Probe  
  75  7:20  Probe  
  75  7:22  Probe  
  78  7:23  Templar Archives  
  78  7:28  Probe  
  80  7:31  Probe  
  80  7:34  Probe  
  83  7:39  Zealot x3  
  83  7:40  Probe  
  83  7:43  Pylon  
  90  7:46  Probe  
  90  7:49  Zealot x2, Probe  
  96  7:52  Pylon  
  96  7:53  Charge  
  96  7:57  Probe  
  97  8:06  Robotics Facility, Psionic Storm  
  97  8:07  High Templar x3  
  97  8:11  Assimilator  
  103  8:14  Assimilator  
  103  8:15  Pylon  
  103  8:21  High Templar, Zealot x3  
  103  8:22  Zealot  
  103  8:27  Pylon  
  113  8:34  Nexus  
  113  8:42  Photon Cannon  
  113  8:44  High Templar x2, Zealot  
  113  8:45  Zealot  
  121  8:48  Observer  
  121  8:51  Probe x2  
  121  8:54  Photon Cannon  
  124  8:57  High Templar  
  124  8:59  Photon Cannon  
  124  9:01  Photon Cannon  
  126  9:02  Pylon  
  126  9:05  Shield Battery  
  126  9:14  High Templar, Zealot x2  
  126  9:16  Probe  
  133  9:20  Probe  
  133  9:22  Pylon  
  103  9:34  Stalker x4  
  103  9:35  Probe  
  107  9:45  Probe  
  107  9:48  Stalker  
  107  9:49  Stalker x3  
  107  9:50  Probe  
  107  9:51  Photon Cannon  
  114  9:56  Photon Cannon  
  114  9:59  High Templar x2  
  118  10:04  Photon Cannon  
  118  10:09  Shield Battery  
  118  10:10  Photon Cannon  
  118  10:13  Probe  
  119  10:17  Probe  
  119  10:18  Zealot x5  
  119  10:19  Probe  
  131  10:30  Archon  
  131  10:32  Probe  
  98  10:35  Zealot x2  
  98  10:36  Zealot  
  98  10:37  Probe  
  93  10:44  High Templar x5  
  96  10:52  Archon  
  96  10:56  Archon  
  89  11:02  Archon  
  89  11:03  Zealot x3  
Tags
 
Add a new tag
Caveats
  • Supply blocks, unpowered buildings, or Contaminate may cause inaccurate times.
  • Supply counts are checked every 10 seconds.